 Dungeon Crawl Stone Soup version 0.26-b1-32-g5d43845318 (webtiles) character file.

Game seed: 7448788977018927339

285 Borgoz the Skirmisher (level 6, -1/52 HPs)
             Began as a Ghoul Gladiator on Jan 13, 2021.
             Was an Initiate of Okawaru.
             Killed by divine providence
             ... invoked by an orc priest
              (8 damage)
             ... on level 3 of the Dungeon.
             The game lasted 00:03:13 (3117 turns).

Borgoz the Skirmisher (Ghoul Gladiator)             Turns: 3117, Time: 00:03:14

Health: -1/52      AC:  7    Str: 20    XL:     6   Next: 29%
Magic:  5/5        EV: 12    Int:  3    God:    Okawaru [......]
Gold:   184        SH:  0    Dex: 10    Spells: 5/5 levels left

rFire    . . .     SeeInvis .   a - +0 flail
rCold    + . .     Faith    .   (no shield)
rNeg     + + +     Spirit   .   k - +0 ring mail
rPois    ∞         Reflect  .   c - +0 helmet
rElec    .         Harm     .   g - +0 cloak
rCorr    .         Rampage  .   (no gloves)
Will     .....                  (no boots)
Stlth    ..........             (no amulet)
HPRegen  0.00/turn              p - ring of attention (curse)
MPRegen  0.09/turn              (no ring)

@: no status effects
A: claws 1, cold resistance 1, negative energy resistance 3, inhibited
regeneration, torment resistance, unbreathing
a: Renounce Religion


You were on level 3 of the Dungeon.
You worshipped Okawaru.
Okawaru was noncommittal.
You visited 1 branch of the dungeon, and saw 3 of its levels.

You collected 184 gold pieces.

Inventory:

Hand Weapons
 a - a +0 flail (weapon)
Missiles
 d - 2 throwing nets (quivered)
Armour
 c - a +0 helmet (worn)
 g - a +0 cloak (worn)
 k - a +0 ring mail (worn)
Jewellery
 p - a cursed ring of attention (left claw)
Scrolls
 b - 2 scrolls of identify {unknown}
 f - 2 scrolls of teleportation {unknown}
 i - 2 scrolls of blinking {unknown}
 l - a scroll of magic mapping {unknown}
 m - 2 scrolls of fog
 r - a scroll of random uselessness {unknown}
Potions
 e - 2 potions of curing
 h - a potion of brilliance {unknown}
 j - a potion of invisibility {unknown}
 n - a potion of heal wounds {unknown}
 o - a potion of lignification
 q - a potion of ambrosia {unknown}


   Skills:
 * Level 3.9 Fighting
 * Level 3.9 Maces & Flails
 - Level 1.7 Throwing
 * Level 2.4 Armour
 * Level 3.8 Dodging
 + Level 0.0 Invocations


You had 5 spell levels left.
You didn't know any spells.
Your spell library was empty.

Dungeon Overview and Level Annotations

Branches:
Dungeon (3/15)

Altars:
Okawaru
Wu Jian
Yredelemnul
Zin


Innate Abilities, Weirdness & Mutations

You thrive by killing the living.
You are immune to poison.
You have sharp fingernails.
Your flesh is cold resistant. (rC+)
You are immune to negative energy. (rN+++)
You do not regenerate when monsters are visible.
You are immune to unholy pain and torment.
You can survive without breathing.


Message History

Beogh smites you!
You sock the orc priest!
The orc priest is almost dead.
The orc priest mumbles some strange prayers to Beogh against you.
Beogh smites you! The orc closely misses you.
A worm comes into view.
You are too injured to fight recklessly!
Okay, then.
It was a potion of lignification.
You feel woody for a moment.
The orc priest mumbles some strange prayers to Beogh against you.
Beogh smites you!
* * * LOW HITPOINT WARNING * * *
The orc barely misses you.
It was a potion of curing.
You feel better.
The orc priest invokes the aid of Beogh against you.
Beogh smites you!
* * * LOW HITPOINT WARNING * * *
The orc priest calls down the wrath of Beogh upon you.
Beogh smites you!
You die...

#.#.#####.##.#
#.#..........#
#.#######.##.# #.#
#.##.##+# #.# #.##.##.#
#.#######.##.##.#
#.#.......##.##.#
#.#.##.#####.##o######.
#.#..._........@oooo.w.
#.####.##....########..
#.# #........#
#.###........#
#..........#######
#####......≈g≈...#
##......≈≈≈.8.#
#..........8_8#
#.......≈≈≈.8.#


You could see a worm, 2 orc priests and 3 orcs.

Vanquished Creatures
  A centaur (D:2)
  A centaur skeleton (D:3)
  2 orc wizards
  A worker ant (D:2)
  A gnoll (D:1)
  An adder (D:2)
  2 worms
  2 dart slugs (D:2)
  A leopard gecko (D:1)
  9 orcs
  3 giant cockroaches
  6 hobgoblins
  2 jackals (D:3)
  8 kobolds
  A ball python (D:2)
  4 bats (D:1)
  4 frilled lizards
  11 goblins
  7 rats
67 creatures vanquished.

Notes
Turn   | Place    | Note
-------+----------+-------------------------------------------
     0 | D:1      | Borgoz the Ghoul Gladiator began the quest for the Orb.
     0 | D:1      | Reached XP level 1. HP: 17/17 MP: 0/0
   255 | D:1      | Reached XP level 2. HP: 25/25 MP: 1/1
   588 | D:1      | Reached skill level 1 in Armour
   588 | D:1      | Reached XP level 3. HP: 28/30 MP: 2/2
  1192 | D:2      | Reached XP level 4. HP: 37/37 MP: 3/3
  1481 | D:2      | Noticed a centaur
  1490 | D:2      | Killed a centaur
  1491 | D:2      | Reached XP level 5. HP: 18/45 MP: 4/4
  1737 | D:2      | Found a glowing silver altar of Zin.
  1737 | D:2      | Noticed an angel
  2031 | D:2      | Found an ornate altar of the Wu Jian Council.
  2038 | D:2      | Noticed a spectral centipede
  2038 | D:2      | Noticed a spectral black mamba
  2038 | D:2      | Noticed a spectral cane toad
  2558 | D:3      | Reached XP level 6. HP: 42/52 MP: 5/5
  3031 | D:3      | Found a basalt altar of Yredelemnul.
  3035 | D:3      | Found an iron altar of Okawaru.
  3046 | D:3      | Became a worshipper of Warmaster Okawaru
  3117 | D:3      | Killed from afar by an orc priest

Illustrated notes

Levels and vault maps discovered:
D:1:      roderic_dead_forest, layout_basic
D:2:      layout_basic, zin_angel, pdpol_wu_jian_five_deadly_venoms,
          serial_corexii_hall, chequers_hall_statues_y, chequers_hall_statues_y,
          minmay_randomly_rotated_circles
D:3:      layout_basic, lemuel_coloured_pillars_altar, lemuel_crystal_altar,
          general_overflow_altar, kennysheep_okawaru_gauntlet,
          minmay_misc_feat_plants

Skill      XL: |  1  2  3  4 |
---------------+-------------+-----
Maces & Flails | 3 |  3.9
Armour         | 1 2 |  2.4
Dodging        | 3 |  3.8
Fighting       | 3 |  3.9
Throwing       | |  1.7

Action                   |  1- 3 |  4- 6 || total
-------------------------+-------+-------++-------
Melee: Flail             |   115 |   127 ||   242
Throw: Throwing net      |       |     1 ||     1
  Use: Potion            |       |     2 ||     2
       Scroll            |       |     1 ||     1
 Stab: Held in net/web   |       |     2 ||     2
Armor: Leather armour    |    40 |       ||    40
       Ring mail         |     6 |    78 ||    84
Dodge: Dodged            |    87 |   138 ||   225
